Description

TVZ GuMiho v soO Game 5 - Acolyte LE Copy

Replay - GuMiho v soO: Game 5 - Acolyte LE

Build Order

Get SALT Encoding   

  12  0:00  SCV  
  13  0:12  SCV  
  14  0:17  Supply Depot  
  14  0:24  SCV  
  15  0:29  Refinery  
  15  0:38  SCV  
  16  0:44  Barracks  
  16  0:50  SCV  
  17  1:02  SCV  
  18  1:15  SCV  
  19  1:31  Reaper, Orbital Command  
  20  1:42  Command Center  
  20  1:53  Factory  
  20  1:56  SCV  
  21  2:01  Refinery  
  21  2:06  Barracks Reactor  
  21  2:08  SCV  
  21  2:14  Supply Depot  
  22  2:21  SCV  
  24  2:37  Starport  
  24  2:47  Hellion x2  
  29  2:53  Orbital Command  
  29  2:57  Barracks Tech Lab  
  30  3:08  Widow Mine x2  
  36  3:20  Medivac  
  36  3:25  Supply Depot  
  40  3:37  Hellion x2  
  41  3:50  Raven  
  45  3:57  Supply Depot  
  45  3:59  Barracks Tech Lab  
  45  4:00  Hellion x2  
  51  4:16  Command Center  
  53  4:25  Hellion x2  
  57  4:36  Raven  
  57  4:39  Refinery x2  
  57  4:50  Supply Depot  
  59  4:53  Marine  
  62  5:12  Cyclone x2  
  70  5:17  Armory  
  72  5:29  Orbital Command  
  72  5:37  Factory x2  
  72  5:39  Viking  
  76  5:44  Barracks Reactor  
  78  5:52  Hellion x2  
  83  5:58  Refinery x2  
  85  6:11  Terran Vehicle Weapons Level 1  
  95  6:34  Siege Tank x2  
  107  7:05  Viking x2  
  113  7:09  Siege Tank x2  
  113  7:12  Factory x2  
  125  7:26  Liberator x2  
  128  7:32  Infernal Pre-Igniter  
  128  7:36  Armory  
  128  7:42  Siege Tank x2  
  147  8:07  Factory Tech Lab, Factory Reactor  
  151  8:15  Siege Tank x2  
  157  8:29  Engineering Bay  
  157  8:31  Siege Tank  
  157  8:32  Command Center, Viking x2  
  168  8:41  Terran Vehicle Weapons Level 2  
  168  8:46  Terran Vehicle And Ship Armor Level 1  
  172  8:51  Siege Tank  
  189  9:16  Missile Turret  
  189  9:19  Command Center x2  
  196  9:42  Thor x2  
  199  9:48  Thor  
  176  10:41  Viking x2  
  184  10:48  Orbital Command  
  183  11:27  Viking  
  183  11:32  Planetary Fortress  
  186  11:37  Refinery x2  
  181  11:40  Liberator x2  
  183  11:50  Missile Turret x3  
  196  12:30  Liberator  
  196  12:35  Terran Vehicle Weapons Level 3  
  197  12:43  Liberator  
  197  12:50  Command Center  
  195  13:12  Liberator  
  151  13:56  Medivac  
  154  14:12  Medivac  
  168  14:29  Orbital Command, Medivac  
  168  14:42  Medivac  
  191  15:31  Refinery x2  
  152  16:12  Thor x3  
  147  16:54  Viking  
  164  17:23  Orbital Command  
Spawning Tool Build Advisor. Get it on Overwolf

Analysis

TVZ GuMiho v soO Game 5 - Acolyte LE Copy

Go to:

Details

  • Created by: rcityband
  • Published on: Jan 08, 2018
  • Modified on: Jan 08, 2018
  • Patch: 4.0.0
Show
View Real Time Build Order
Export as new Build Order

Comments (1)

On Jan. 8, 2018, 9:39 p.m., kimboslice  said:

old version , raven auto tourett

Create an account to comment!